 Dungeon Crawl Stone Soup version 0.15.2 (webtiles) character file.

24663 Heini the Bludgeoner (level 12, -3/117 HPs)
             Began as a Minotaur Fighter on Feb 8, 2015.
             Was the Champion of Okawaru.
             Killed from afar by a tengu reaver (49 damage)
             ... with a bolt of magma
             ... on Level 12 of the Dungeon.
             The game lasted 00:45:24 (14953 turns).

Heini the Bludgeoner (Minotaur Fighter)            Turns: 14953, Time: 00:45:24

HP  -3/117       AC 20     Str 32      XL: 12   Next: 82%
MP   5/5         EV  8     Int  5      God: Okawaru [******]
Gold 1772        SH  0     Dex  9      Spells:  0 memorised, 11 levels left

rFire  . . .     SeeInvis .     P - +1 great mace (holy)
rCold  . . .     Clarity  .     r - +0 plate armour
rNeg   + . .     rCorr    .     (no shield)
rPois  +         rRot     .     (helmet restricted)
rElec  .         Spirit   .     x - +0 cloak
SustAb .         Warding  +     u - +1 pair of gloves
rMut   .         Stasis   .     (no boots)
Gourm  .                        J - amulet of warding
MR     .....                    E - ring of regeneration
                                f - ring of poison resistance

@: mighty, not resistant to hostile enchantments, extremely unstealthy
A: retaliatory headbutt, horns 2
a: Heroism, Finesse, Renounce Religion


You were on level 12 of the Dungeon.
You worshipped Okawaru.
Okawaru was exalted by your worship.
You were hungry.

You visited 3 branches of the dungeon, and saw 17 of its levels.

You collected 1772 gold pieces.

Inventory:

Hand weapons
 s - a +1 morningstar
 P - a +1 great mace of holy wrath (weapon)
Armour
 c - a +0 shield
 r - a +0 plate armour (worn)
 u - a +1 pair of gloves (worn)
 x - a +0 cloak (worn)
Magical devices
 q - a wand of frost (24)
 v - a wand of confusion (0)
 D - a wand of random effects (14)
 R - a wand of lightning (8) {unknown}
Comestibles
 d - 9 bread rations
 p - 9 meat rations
 G - 2 slices of pizza
 M - 2 beef jerkies
 N - 3 chunks of gnoll flesh
 S - 7 fruits
Scrolls
 h - 2 scrolls of enchant armour
 k - 2 scrolls of teleportation
 o - 9 scrolls of remove curse
 B - 3 scrolls of blinking
 C - 2 scrolls of amnesia
 I - a scroll of enchant weapon
 L - 4 scrolls of recharging
 O - a scroll of fog
Jewellery
 f - a ring of poison resistance (left hand)
 y - an uncursed ring of wizardry {unknown}
 A - an uncursed ring of protection from cold
 E - a ring of regeneration (right hand)
 J - an amulet of warding (around neck)
 T - a +2 ring of intelligence {unknown}
 U - a cursed ring of loudness {unknown}
Potions
 a - 2 potions of haste
 e - 2 potions of might
 g - 3 potions of agility
 i - a potion of confusion {unknown}
 j - 4 potions of lignification
 l - 3 potions of berserk rage {unknown}
 m - 2 potions of degeneration
 n - 2 potions of restore abilities
 t - 3 potions of poison {unknown}
 w - 3 potions of curing
 z - 2 potions of resistance
 H - a potion of flight {unknown}
 K - a potion of cancellation {unknown}
 Q - a potion of mutation {unknown}
Books
 b - a book of Dreams

   Spells                             Type                      Level
   Ensorcelled Hibernation            Hexes/Ice                    2
   Flight                             Charms/Air                   3
   Phase Shift                        Translocation                5
   Shadow Creatures                   Summoning                    5
   Mass Confusion                     Hexes                        6
   Darkness                           Hexes                        7
 F - a Young Poisoner's Handbook

   Spells                             Type                      Level
   Sting                              Conjuration/Poison           1
   Cure Poison                        Poison                       2
   Mephitic Cloud                     Conjuration/Poison/Air       3
   Olgreb's Toxic Radiance            Poison                       4
   Venom Bolt                         Conjuration/Poison           5


   Skills:
 * Level 14.1 Fighting
 * Level 16.6 Maces & Flails
 * Level 13.2 Armour
 - Level 3.6 Shields


You had 11 spell levels left.
You didn't know any spells.

Dungeon Overview and Level Annotations

Branches:
Dungeon (12/15)            Temple (1/1) D:6             Orc (4/4) D:10
    Elf (0/3) Orc:3          Lair (0/8) D:11

Altars:
Ashenzari
Cheibriados
Dithmenos
Elyvilon
Fedhas
Kikubaaqudgha
Makhleb
Nemelex Xobeh
Okawaru
Qazlal
Sif Muna
Trog
Vehumet
Xom
Yredelemnul
Zin
The Shining One
Beogh

Shops:
D:8 (   D:10 (   Orc:2 ?


Innate Abilities, Weirdness & Mutations

You reflexively headbutt those who attack you in melee.
You have a pair of horns on your head.


Message History

The tengu reaver pecks you but does no damage.
The tengu reaver claws you but does no damage.
Drink which item? (? for menu, Esc to quit)
You feel very mighty all of a sudden.
You completely miss the tengu reaver. Your headbutt misses the tengu reaver.
The tengu reaver is heavily wounded.
The tengu reaver barely misses you. You furiously retaliate!
You headbutt the tengu reaver!
The tengu reaver pecks you but does no damage.
The tengu reaver claws you but does no damage.
You closely miss the tengu reaver. Your headbutt misses the tengu reaver.
The tengu reaver is severely wounded.
The tengu reaver hits you but does no damage.
The tengu reaver pecks you but does no damage.
The tengu reaver claws you but does no damage.
The tengu reaver blocks your attack.
The tengu reaver is severely wounded.
The tengu reaver casts a spell at you. The bolt of magma hits you!
You die...

#....# #..# #...)..#.# #.....'
#....# ##.####......#.####>....#
#....# #....'......#....'.....#
#....# ######......######.....#
#.≈#### ####≈≈....# #..(..#
#.##..## ##..##≈≈≈≈≈# #.....#
#.#....# #....#####≈# ##'####
#)#....###....##[[### #.#
#.'....'[').).'@Q.*# #.##
###....###....##$%### #..#
####....#8#....#####≈# ###'###
...##..##≈##..##≈≈≈≈≈######......
...≈####≈≈≈####≈≈....'....'......
..........#..........######......
.........(##.........# #......
.....)....##.........# #####'#
..........###'######## #..#


You could see a tengu reaver.

Vanquished Creatures
  A stone giant (Orc:3)
  A hydra (D:12)
  2 orc high priests
  Urug (D:11)
  2 unseen horrors
  An orc knight (Orc:3)
  A manticore (D:12)
  4 ugly things (D:12)
  2 hill giants (D:11)
  3 orc sorcerers
  A cyclops (D:12)
  A komodo dragon (D:11)
  A fire drake (shapeshifter) (D:12)
  3 trolls
  Prince Ribbit (D:7)
  A two-headed ogre (D:8)
  A boulder beetle (D:12)
  A shadow (D:12)
  A wraith (D:12)
  A spriggan (D:8)
  5 hippogriffs
  3 deep elf magi
  2 wyverns
  8 yaks
  2 hungry ghosts
  A hill giant skeleton (D:12)
  Edmund (D:4)
  A vampire mosquito (D:12)
  19 orc warriors
  10 ogres
  3 phantoms
  8 sky beasts
  A black bear (D:9)
  5 centaurs
  2 ice beasts (D:8)
  2 necrophages
  Sigmund (D:5)
  Duvessa (D:5)
  4 big kobolds
  4 giant frogs
  A gnoll sergeant (D:12)
  A water moccasin zombie (D:5)
  A hippogriff zombie (D:8)
  3 killer bees
  2 jellies
  11 wights
  3 scorpions
  2 electric eels
  3 goliath beetles (D:8)
  A centaur zombie (D:12)
  2 quasits (D:11)
  2 vampire bats (Orc:1)
  Dowan (D:5)
  A hippogriff skeleton (D:8)
  A yellow wasp zombie (D:9)
  2 crimson imps (D:6)
  24 orc priests
  8 hounds
  39 orc wizards
  2 gnoll shamans
  10 worker ants
  A killer bee zombie (D:6)
  An ogre zombie (D:5)
  An ogre skeleton (D:7)
  A hound zombie (D:9)
  A worker ant zombie (D:10)
  14 gnolls
  14 adders
  A gnoll skeleton (D:4)
  3 giant mites (D:8)
  A shadow imp (D:7)
  4 worms
  2 orc zombies
  An adder skeleton (D:7)
  An iguana skeleton (D:9)
  7 giant geckos
  An ooze (D:7)
  172 orcs
  7 giant cockroaches
  20 hobgoblins
  11 jackals
  42 kobolds
  4 quokkas
  A ball python (D:3)
  18 bats
  4 giant newts
  A giant spore (D:10)
  17 goblins
  A goblin zombie (D:5)
  A kobold zombie (D:5)
  4 orc skeletons
  17 rats
  A rat skeleton (D:7)
  4 ballistomycetes (D:10)
  2 plants (D:11)
614 creatures vanquished.

Vanquished Creatures (others)
  A centaur (D:12)
  An orc wizard (Orc:4)
  An orc (D:10)
  A giant spore (D:10)
4 creatures vanquished.

Grand Total: 618 creatures vanquished

Notes
Turn   | Place    | Note
--------------------------------------------------------------
     0 | D:1      | Heini, the Minotaur Fighter, began the quest for the Orb.
     0 | D:1      | Reached XP level 1. HP: 19/19 MP: 1/1
    44 | D:1      | Reached skill level 4 in Armour
    92 | D:1      | Reached XP level 2. HP: 27/27 MP: 1/1
   562 | D:1      | Reached XP level 3. HP: 28/33 MP: 2/2
  1008 | D:2      | Reached XP level 4. HP: 12/41 MP: 2/2
  1259 | D:2      | Reached skill level 5 in Armour
  2215 | D:4      | Reached XP level 5. HP: 16/47 MP: 2/2
  2421 | D:4      | Noticed Edmund
  2441 | D:4      | Killed Edmund
  2441 | D:4      | Reached skill level 5 in Fighting
  2441 | D:4      | Reached skill level 6 in Armour
  2441 | D:4      | Reached XP level 6. HP: 35/56 MP: 3/3
  2513 | D:4      | Noticed an ogre
  2518 | D:4      | Killed an ogre
  2828 | D:4      | Noticed an ogre
  2835 | D:4      | Killed an ogre
  2835 | D:4      | Reached skill level 5 in Maces & Flails
  2848 | D:4      | Reached XP level 7. HP: 5/62 MP: 3/3
  3516 | D:4      | Reached skill level 7 in Armour
  3619 | D:5      | Entered Level 5 of the Dungeon
  3718 | D:5      | Noticed Duvessa
  3720 | D:5      | Noticed Dowan
  3744 | D:5      | Killed Duvessa
  3754 | D:5      | Killed Dowan
  4008 | D:5      | Reached XP level 8. HP: 70/73 MP: 3/3
  4040 | D:5      | Noticed Sigmund
  4047 | D:5      | Killed Sigmund
  4257 | D:5      | Reached skill level 8 in Armour
  4958 | D:6      | Found a staircase to the Ecumenical Temple.
  4964 | Temple   | Entered the Ecumenical Temple
  4992 | Temple   | Became a worshipper of Warmaster Okawaru
  5484 | D:7      | Reached skill level 9 in Maces & Flails
  5484 | D:7      | Reached XP level 9. HP: 82/82 MP: 4/4
  5503 | D:7      | Acquired Okawaru's first power
  5909 | D:7      | Noticed Prince Ribbit
  5916 | D:7      | Killed Prince Ribbit
  5916 | D:7      | Reached skill level 10 in Maces & Flails
  6245 | D:8      | Reached skill level 11 in Maces & Flails
  6290 | D:8      | Reached skill level 10 in Fighting
  6322 | D:8      | Found a deep blue altar of Sif Muna.
  6399 | D:8      | Reached XP level 10. HP: 93/93 MP: 4/4
  6558 | D:8      | Found Hederul's Weapon Shoppe.
  6768 | D:8      | Reached skill level 12 in Maces & Flails
  7074 | D:9      | Reached skill level 10 in Armour
  7604 | D:9      | Found a radiant altar of Vehumet.
  8175 | D:10     | Entered Level 10 of the Dungeon
  8482 | D:10     | Killed an unseen horror
  8482 | D:10     | Reached skill level 13 in Maces & Flails
  8625 | D:10     | Found Wishrieli's Weapon Emporium.
  8900 | D:10     | Acquired Okawaru's second power
  8906 | D:10     | Found a staircase to the Orcish Mines.
  9078 | D:10     | Reached XP level 11. HP: 97/102 MP: 4/4
  9430 | Orc:1    | Entered Level 1 of the Orcish Mines
  9445 | Orc:1    | Found a roughly hewn altar of Beogh.
 10224 | Orc:2    | Found Isekhutuy's Magic Scroll Shoppe.
 10982 | Orc:3    | Found a staircase to the Elven Halls.
 11205 | Orc:3    | Noticed a stone giant
 11222 | Orc:3    | Killed a stone giant
 11222 | Orc:3    | Reached skill level 14 in Maces & Flails
 11819 | Orc:4    | Entered Level 4 of the Orcish Mines
 12265 | Orc:4    | Noticed an orc high priest
 12270 | Orc:4    | Noticed an orc high priest
 12312 | Orc:4    | Noticed a soul eater
 12415 | Orc:4    | Noticed a sun demon
 12533 | Orc:4    | Killed an orc high priest
 12533 | Orc:4    | Received a gift from Okawaru
 12546 | Orc:3    | Killed an orc high priest
 12546 | Orc:3    | Reached skill level 15 in Maces & Flails
 12662 | Orc:4    | Noticed an orc warlord
 13013 | D:11     | Noticed a hill giant
 13019 | D:11     | Killed a hill giant
 13019 | D:11     | Reached XP level 12. HP: 97/115 MP: 5/5
 13092 | D:11     | Noticed Urug
 13160 | D:11     | Killed Urug
 13335 | D:11     | Noticed a hill giant
 13344 | D:11     | Killed a hill giant
 13832 | D:11     | Found a staircase to the Lair.
 14092 | D:12     | Received a gift from Okawaru
 14386 | D:12     | Noticed an eight-headed hydra
 14390 | D:12     | Killed an eight-headed hydra
 14412 | D:12     | Reached skill level 16 in Maces & Flails
 14940 | D:12     | Noticed a tengu reaver
 14953 | D:12     | Killed from afar by a tengu reaver

Action                   |  1- 3 |  4- 6 |  7- 9 | 10-12 || total
-------------------------+-------+-------+-------+-------++-------
Melee: Flail             |   119 |    73 |       |       ||   192
       Morningstar       |       |    78 |   382 |   855 ||  1315
       Great mace        |       |       |       |   275 ||   275
Evoke: Wand              |       |       |       |     1 ||     1
  Use: Scroll            |     1 |    10 |     3 |     5 ||    19
       Potion            |       |     1 |       |     1 ||     2
  Eat: Chunk             |       |     7 |    13 |    33 ||    53
       Meat ration       |       |       |       |     1 ||     1
